 Dungeon Crawl Stone Soup version 0.27-a0-1442-g87b6fcb595 (webtiles) character file.

Game seed: 11974177879165994994

332 Lanoc the Insei (level 6, -6/46 HPs)
             Began as a Demonspawn Transmuter on July 4, 2021.
             Was a Follower of Yredelemnul.
             Mangled by a gnoll sergeant (9 damage)
             ... on level 5 of the Dungeon.
             The game lasted 00:06:54 (4612 turns).

Lanoc the Insei (Demonspawn Transmuter)             Turns: 4612, Time: 00:06:55

Health: -6/46      AC:  5    Str: 10    XL:     6   Next: 26%
Magic:  9/9        EV: 12    Int: 16    God:    Yredelemnul [*.....]
Gold:   110        SH:  0    Dex: 14    Spells: 6/9 levels left

rFire    . . .     SeeInvis .     - Unarmed
rCold    . . .     Faith    .   (no shield)
rNeg     . . .     Spirit   .   a - +1 robe
rPois    .         Reflect  .   n - +2 hat
rElec    .         Harm     .   (no cloak)
rCorr    .         Rampage  .   (no gloves)
Will     .....                  (no boots)
Stlth    +.........             (no amulet)
HPRegen  0.15/turn              (no ring)
MPRegen  0.11/turn              (no ring)

@: no status effects
A: hooves 2, foul stench 2
a: Renounce Religion, Animate Remains


You were on level 5 of the Dungeon.
You worshipped Yredelemnul.
Yredelemnul was aware of your devotion.
You visited 1 branch of the dungeon, and saw 5 of its levels.

You collected 110 gold pieces.

Inventory:

Armour
 a - a +1 robe (worn)
 b - a +0 buckler
 n - a +2 hat (worn)
Scrolls
 c - a scroll of enchant weapon {unknown}
 e - a scroll of acquirement {unknown}
 g - a scroll of silence {unknown}
 h - 8 scrolls of identify {unknown}
 i - a scroll of fog {unknown}
 j - a scroll of brand weapon {unknown}
 k - a scroll of enchant armour
 m - a scroll of fear {unknown}
 o - a scroll of magic mapping {unknown}
 p - a scroll of vulnerability {unknown}
 q - a scroll of noise {unknown}
Potions
 d - 2 potions of magic {unknown}
 f - a potion of cancellation
 l - a potion of lignification {unknown}
 r - a potion of might {unknown}


   Skills:
 + Level 2.5 Fighting
 + Level 2.8 Dodging
 * Level 4.3 Unarmed Combat
 - Level 2.0 Spellcasting
 * Level 3.7 Transmutations


You had 6 spell levels left.
You knew the following spells:

 Your Spells              Type           Power      Damage    Failure   Level
g - Wereblood             Tmut           13%        N/A       7%          2
h - Beastly Appendage     Tmut           26%        N/A       4%          1

Your spell library contained the following spells:

 Spells                   Type           Power      Damage    Failure   Level
 Spider Form              Tmut/Pois      3%         N/A       28%         3
 Static Discharge         Conj/Air       1%         N/A       30%         2
 Frozen Ramparts          Ice            2%         1d2       52%         3
 Ice Form                 Ice/Tmut       7%         N/A       67%         4
 Dispel Undead            Necr           1%         3d6       90%         4
 Sticky Flame             Conj/Fire      1%         2d3       90%         4
 Summon Ice Beast         Ice/Summ       1%         N/A       90%         4


Dungeon Overview and Level Annotations

Branches:
Dungeon (5/15)
 Temple: D:4-7

Altars:
Hepliaklqana
Nemelex Xobeh
Yredelemnul
The Shining One

Shops:
D:1 !


Innate Abilities, Weirdness & Mutations

You have hoof-like feet.
You sometimes emit foul miasma when damaged in melee.


Message History

You barely miss the gnoll. Your headbutt misses the gnoll.
The gnoll is severely wounded.
The gnoll hits you with a +0 whip.
You barely miss the gnoll. Your kick misses the gnoll.
The gnoll is severely wounded.
The gnoll hits you with a +0 whip. x2; The gnoll shaman barely misses you.
The gnoll hits you with a +0 whip. x2
The gnoll shaman hits you with a +0 club.
You climb upwards.
There is a stone staircase leading down here.
The gnoll hits you with a +0 whip.
Your transformation is almost over.
Your primal bloodlust is almost over.
The gnoll shaman calls upon its god to heal the gnoll.
The gnoll is healed somewhat.
The gnoll shaman calls upon its god to heal the gnoll.
The gnoll's wounds heal themselves!
Your primal bloodlust has ended.
Your horns disappear.
Your +2 hat unmelds from your body.
There is a stone staircase leading down here.
The gnoll barely misses you.
You climb downwards. 4 gnolls and a gnoll sergeant come into view.
The gnoll sergeant is wielding a +3 spear of venom.
A gnoll is wielding a +0 flail of protection.
The gnoll shouts! x4
The gnoll hits you from afar with a +0 spear. x2
The gnoll closely misses you.
There is a stone staircase leading up here.
The gnoll hits you with a +0 whip.
* * * LOW HITPOINT WARNING * * *
The gnoll hits you from afar with a +0 spear.
* * * LOW HITPOINT WARNING * * *
A hound comes into view.
The hound barks!
The gnoll hits you with a +0 club.
* * * LOW HITPOINT WARNING * * *
The gnoll sergeant hits you from afar with a +3 spear of venom!
You die...
Your body rises from the dead as a mindless zombie.

........#
........####
...........#
...........
....h.....
.........
........#
.......@##
......gg.#
.....gggg#
.........#
.......<.#
.........#
........##
........#
.......##


You could see a gnoll sergeant, a hound and 5 gnolls.

Vanquished Creatures
  A scorpion (D:4)
  Natasha (thrice) (D:3)
  Robin (D:3)
  6 adders
  3 gnolls (D:3)
  A howler monkey skeleton (D:3)
  A white imp (D:3)
  A worm (D:2)
  4 dart slugs
  2 orcs
  9 ball pythons
  3 endoplasms
  5 giant cockroaches
  14 goblins
  6 hobgoblins
  3 jackals (D:2)
  A quokka (D:4)
  3 bats
  3 frilled lizards
  A goblin skeleton (D:3)
  2 goblin zombies (D:3)
  3 hobgoblin zombies (D:3)
  7 kobolds
  A kobold skeleton (D:3)
  3 rats (D:3)
87 creatures vanquished.

Notes
Turn   | Place    | Note
-------+----------+-------------------------------------------
     0 | D:1      | Lanoc the Demonspawn Transmuter began the quest for the
                  | Orb.
     0 | D:1      | Reached XP level 1. HP: 15/15 MP: 3/3
   126 | D:1      | Found Haym's Distillery.
   350 | D:1      | Gained mutation: You may rarely emit foul miasma when
                  | damaged in melee. [demonic ancestry]
   350 | D:1      | Reached XP level 2. HP: 10/21 MP: 3/5
   353 | D:1      | Learned a level 2 spell: Wereblood
   826 | D:1      | Reached skill level 3 in Unarmed Combat
  1228 | D:2      | Gained mutation: You sometimes emit foul miasma when
                  | damaged in melee. [demonic ancestry]
  1228 | D:2      | Reached XP level 3. HP: 21/26 MP: 0/6
  2143 | D:3      | Noticed a necrophage
  2697 | D:3      | Noticed Natasha
  2705 | D:3      | Lost mutation: You have razor-sharp toenails. [demonic
                  | ancestry]
  2705 | D:3      | Lost mutation: You have sharp toenails. [demonic ancestry]
  2705 | D:3      | Gained mutation: You have large cloven feet. [demonic
                  | ancestry]
  2705 | D:3      | Reached XP level 4. HP: 32/32 MP: 1/7
  2710 | D:3      | Noticed Robin
  2718 | D:3      | Killed Natasha
  2725 | D:3      | Killed Robin
  2735 | D:3      | Noticed Natasha
  2744 | D:3      | Killed Natasha
  2745 | D:3      | Gained mutation: You have hoof-like feet. [demonic
                  | ancestry]
  2745 | D:3      | Reached XP level 5. HP: 29/38 MP: 2/8
  3161 | D:3      | Noticed Natasha
  3169 | D:3      | Killed Natasha
  3170 | D:3      | Reached skill level 4 in Unarmed Combat
  3682 | D:3      | Found a faded altar of an unknown god.
  3708 | D:3      | Became a worshipper of Yredelemnul the Dark
  3708 | D:3      | Reached * piety under Yredelemnul
  4162 | D:4      | Reached XP level 6. HP: 37/46 MP: 5/9
  4406 | D:4      | Found a sparkling altar of Nemelex Xobeh.
  4406 | D:4      | Found a hazy altar of Hepliaklqana.
  4571 | D:5      | Entered Level 5 of the Dungeon
  4611 | D:5      | HP: 2/46 [gnoll (6)]
  4612 | D:5      | Mangled by a gnoll sergeant

Illustrated notes

Levels and vault maps discovered:
D:1:      minmay_arrival_radiant_lines, layout_basic, serial_shops, shop
D:2:      layout_basic
D:3:      layout_basic, nicolae_tso_besieged_by_evil,
          ebering_ecumenical_altar_mist, uniq_natasha, uniq_robin
D:4:      minmay_wonky_spiral, layout_rooms, gammafunk_temple_overflow_elements
D:5:      layout_cave_pods, minmay_temple_entry_tees, minmay_manual_maat,
          uniq_crazy_yiuf_cottage

Skill      XL: |  1  2  3  4  5 |
---------------+----------------+-----
Transmutations | 2 3 |  3.7
Dodging        | 2 |  2.8
Unarmed Combat | 3 4 |  4.3
Fighting       | 2 |  2.5
Spellcasting   | |  2.0

Action                   |  1- 3 |  4- 6 || total
-------------------------+-------+-------++-------
Melee: Unarmed           |   109 |   111 ||   220
       Kick              |    17 |    21 ||    38
       Headbutt          |    12 |     9 ||    21
       Punch             |     1 |     1 ||     2
 Cast: Beastly Appendage |    20 |    19 ||    39
       Wereblood         |    13 |    12 ||    25
  Use: Scroll            |     3 |       ||     3
       Potion            |     2 |       ||     2
 Stab: Sleeping          |       |     2 ||     2
Armor: Robe              |    37 |    18 ||    55
Dodge: Dodged            |    69 |    65 ||   134

Table legend: (Time is in decaauts)
 A = Elapsed time spent in this place.
 B = Non-inter-level travel time spent in this place.
 C = Inter-level travel time spent in this place.
 D = Time resting spent in this place.
 E = Time spent auto-exploring this place.
 F = Levels seen in this place.
 G = Mean time per level.
                   A        B        C        D        E       F      G
               +--------+--------+--------+--------+--------+-----+--------+
         Total |   4600 |   4501 |     99 |    307 |   3514 |   5 |  920.0 |
       Dungeon |   4600 |   4501 |     99 |    307 |   3514 |   5 |  920.0 |
               +--------+--------+--------+--------+--------+-----+--------+

Top non-repeatable levels by time:
     D:3: 1436 daAuts
     D:1: 1271 daAuts
     D:2: 1038 daAuts
     D:4: 829 daAuts
     D:5: 24 daAuts
